 Dungeon Crawl Stone Soup version 0.28-a0-199-g298df9dbad (webtiles) character file.

Game seed: 15446166113872858668

75 tilp the Grasshopper (level 4, 18/18 HPs)
             Began as a Felid Hedge Wizard on Aug 19, 2021.
             Was an Initiate of Vehumet.
             Quit the game on level 6 of the Dungeon.
             The game lasted 00:08:17 (6623 turns).

tilp the Grasshopper (Felid Hedge Wizard)           Turns: 6623, Time: 00:08:18

Health: 18/18      AC:  5    Str:  6    XL:     4   Next: 11%
Magic:  9/9        EV: 17    Int: 17    God:    Vehumet [......]
Gold:   140        SH:  0    Dex: 15    Spells: 4/9 levels left
                                        Lives:  0   Deaths: 1

rFire   . . .      SeeInvis +     - Unarmed
rCold   . . .      Faith    .   (shield unavailable)
rNeg    . . .      Spirit   .   (armour unavailable)
rPois   .          Reflect  .   (helmet unavailable)
rElec   .          Harm     .   (cloak unavailable)
rCorr   .          Rampage  .   (gloves unavailable)
Will    .....                   (boots unavailable)
Stlth   ++........              (no amulet)
HPRegen 0.06/turn               i - +4 ring of protection
MPRegen 0.11/turn               (no ring)

@: quick
A: very small, claws 1, fangs 3, see invisible, speed 1, shaggy fur 1, stealthy
paws, no weapons or thrown items, no armour, multi-lived
a: Renounce Religion


You were on level 6 of the Dungeon.
You worshipped Vehumet.
Vehumet was noncommittal.
You visited 2 branches of the dungeon, and saw 7 of its levels.

You collected 140 gold pieces.

Inventory:

Jewellery
 i - a +4 ring of protection (left paw)
Scrolls
 d - a scroll of fog
 f - a scroll of fear
Potions
 a - a potion of attraction
 b - a potion of cancellation
 h - a potion of mutation
 k - a potion of flight


   Skills:
 + Level 0.8 Fighting
 + Level 3.0 Dodging
 + Level 3.1 Stealth
 + Level 2.2 Unarmed Combat
 - Level 3.0 Spellcasting
 - Level 2.0 Conjurations
 - Level 2.0 Summonings
 - Level 4.0 Translocations


You had 4 spell levels left.
You knew the following spells:

 Your Spells              Type           Power      Damage    Failure   Level
a - Magic Dart            Conj           36%        1d4       8%          1
b - Call Imp              Summ           9%         N/A       12%         2
c - Blink                 Tloc           N/A        N/A       4%          2

Your spell library contained the following spells:

 Spells                   Type           Power      Damage    Failure   Level
 Corona                   Hex            2%         N/A       17%         1
 Ensorcelled Hibernation  Hex/Ice        4%         N/A       26%         2
 Slow                     Hex            2%         N/A       26%         2
 Conjure Flame            Conj/Fire      5%         6-21      34%         3
 Mephitic Cloud           Conj/Pois/Air  4%         N/A       38%         3
 Tukima's Dance           Hex            2%         N/A       45%         3


Dungeon Overview and Level Annotations

Branches:
Dungeon (6/15)             Temple (1/1) D:4

Altars:
Ashenzari
Cheibriados
Dithmenos
Fedhas
Gozag
Hepliaklqana
Kikubaaqudgha
Makhleb
Nemelex Xobeh
Okawaru
Qazlal
Sif Muna
Trog
Uskayaw
Vehumet
Wu Jian
Xom
Yredelemnul
Zin
The Shining One

Annotations:
D:2 exclusion: adder
D:3 Grinder
D:5 exclusion: scorpion


Innate Abilities, Weirdness & Mutations

You have sharp claws.
You have razor-sharp teeth.
You have supernaturally acute eyesight. (SInv)
You cover ground quickly. (Speed+)
You are covered in fur. (AC +1)
Your paws help you pounce on unaware monsters.
You are incapable of wielding weapons or throwing items.
You cannot wear armour.
You gain extra lives every three experience levels.


Message History

The killer bee zombie misses you.
You are very lightly contaminated with residual magic.
You scratch the centaur skeleton.
The centaur skeleton is lightly damaged.
The killer bee zombie completely misses you.
The centaur skeleton barely misses you.
The centaur skeleton completely misses you.
The killer bee zombie closely misses you.
The centaur skeleton hits you but does no damage.
The centaur skeleton closely misses you.
You scratch the centaur skeleton. You bite the centaur skeleton.
The centaur skeleton is moderately damaged.
The killer bee zombie closely misses you.
The centaur skeleton barely misses you.
The centaur skeleton kicks you but does no damage.
The killer bee zombie closely misses you.
Unknown command.
You scratch the centaur skeleton. You bite the centaur skeleton.
The centaur skeleton is severely damaged.
The killer bee zombie closely misses you.
The centaur skeleton barely misses you. The centaur skeleton kicks you.
* * * LOW HITPOINT WARNING * * *
Unknown command.
You scratch the centaur skeleton.
The centaur skeleton is severely damaged.
The killer bee zombie hits you.
You die...
The centaur skeleton hits you.
The centaur skeleton completely misses you.
The orc priest mumbles some strange prayers to Beogh against the killer bee zombie.
The killer bee zombie is unaffected.
The killer bee zombie barely misses you.
You are now level 4!
You rejoin the land of the living...
Unknown command.
Unknown command.
Unknown command.
Unknown command.
Unknown command.
Are you sure you want to abandon this character and quit the game? (Confirm with "yes".)

..# ###....#.# ...
....#.#.
...######......
..........#.#.#
......##....#.#
#........#...# ######
#..####..#.#####⌠...#
#..<..#..#.....##...#
#.#.#.#..#####.@.._.#
#.....#..#.....##...#
....#.#........#⌠...#
#########.#.##########
..........#
#########.# #o# #.#
#.#


There were no monsters in sight!

Vanquished Creatures
  An iguana (D:4)
  A howler monkey zombie (D:5)
  An ufetubus (D:5)
  A worm (D:4)
  2 orcs
  3 ball pythons
  5 bats
  An endoplasm (D:4)
  A giant cockroach (D:2)
  5 goblins
  6 hobgoblins
  4 kobolds
  A frilled lizard (D:1)
  A quokka skeleton (D:4)
  3 rats
36 creatures vanquished.

Vanquished Creatures (collateral kills)
  A jelly (D:5)
  2 iguanas (D:5)
  2 adders
  2 orcs (D:5)
  A ball python (D:4)
  A bat (D:3)
  2 endoplasms
  3 goblins
  4 quokkas
  A kobold (D:1)
  A rat (D:2)
20 creatures vanquished.

Vanquished Creatures (others)
  16 plants (D:5)
16 creatures vanquished.

Grand Total: 72 creatures vanquished

Notes
Turn   | Place    | Note
-------+----------+-------------------------------------------
     0 | D:1      | tilp the Felid Hedge Wizard began the quest for the Orb.
     0 | D:1      | Reached XP level 1. HP: 7/7 MP: 5/5
   112 | D:1      | Reached skill level 1 in Conjurations
   194 | D:1      | Reached skill level 1 in Unarmed Combat
   344 | D:1      | Reached XP level 2. HP: 11/11 MP: 7/7
   347 | D:1      | Learned a level 2 spell: Call Imp
   350 | D:1      | Learned a level 2 spell: Blink
  1444 | D:1      | Found a faded altar of an unknown god.
  2097 | D:2      | Reached XP level 3. HP: 14/14 MP: 8/8
  2559 | D:3      | Noticed Grinder
  2878 | D:3      | Found a hide-covered altar of Uskayaw.
  3314 | D:4      | Found a shimmering altar of Xom.
  3451 | D:4      | Found an ornate altar of the Wu Jian Council.
  3655 | D:4      | Reached skill level 2 in Translocations
  3712 | D:4      | Found a staircase to the Ecumenical Temple.
  3729 | Temple   | Entered the Ecumenical Temple
  3773 | Temple   | Became a worshipper of Vehumet
  4075 | D:4      | Noticed a scorpion
  4362 | D:4      | Reached XP level 4. HP: 18/18 MP: 3/9
  4751 | D:5      | Entered Level 5 of the Dungeon
  4753 | D:5      | Noticed a scorpion
  4913 | D:5      | Reached skill level 3 in Translocations
  4926 | D:5      | Noticed an ogre
  5172 | D:5      | Reached skill level 4 in Translocations
  5507 | D:5      | Found a broken altar of Ashenzari.
  5533 | D:5      | Reached XP level 5. HP: 4/21 MP: 1/10
  5922 | D:6      | Found an iron altar of Okawaru.
  5956 | D:6      | Noticed a centaur
  6354 | D:6      | Noticed a yak
  6354 | D:6      | Noticed a yak
  6354 | D:6      | Noticed a yak
  6354 | D:6      | Noticed a yak
  6354 | D:6      | Noticed a yak
  6622 | D:6      | Slain by a killer bee zombie
  6623 | D:6      | Reached XP level 4. HP: 0/18 MP: 9/9
  6623 | D:6      | Quit the game

Illustrated notes

Levels and vault maps discovered:
D:1:      dpeg_arrival_morbid_curiosity, layout_loops_ring,
          shapermc_ecumenical_altar_flowoftime
D:2:      layout_basic
D:3:      layout_rooms, nicolae_uskayaw_dance_hall, uniq_grinder
D:4:      layout_basic, lemuel_doored_altar, mainiacjoe_overflow_catwalk,
          minmay_temple_entry_butterflies, grunt_decor_fettered,
          corexii_leaking_fountain
D:5:      layout_loops_ring, mainiacjoe_overflow_chevrons
D:6:      layout_basic, mainiacjoe_overflow_alcove_2,
          nicolae_overflow_hidden_temple,
          mainiacjoe_overflow_concentric_impassable, uniq_edmund,
          uniq_blork_the_orc, uniq_pikel
Temple:   eino_wide_crystal_templ

Skill      XL: |  1  2  3  4 |
---------------+-------------+-----
Conjurations   | 1 2 |  2.0
Unarmed Combat | 1 2 |  2.2
Summonings     | 2 |  2.0
Translocations | 2 4 |  4.0
Dodging        | 3 |  3.0
Stealth        | 3 |  3.1
Fighting       | |  0.8
Spellcasting   | |  3.0

Action                   |  1- 3 |  4- 6 || total
-------------------------+-------+-------++-------
Melee: Unarmed           |    87 |    32 ||   119
       Bite              |     5 |     4 ||     9
       Punch             |     1 |     1 ||     2
 Cast: Call Imp          |    33 |    15 ||    48
       Magic Dart        |    12 |     7 ||    19
  Use: Scroll            |     7 |     5 ||    12
       Potion            |       |     2 ||     2
 Stab: Sleeping          |     6 |       ||     6
       Distracted        |     2 |       ||     2
Armor: Skin              |     7 |    10 ||    17
Dodge: Dodged            |    78 |    71 ||   149

Table legend: (Time is in decaauts)
 A = Elapsed time spent in this place.
 B = Non-inter-level travel time spent in this place.
 C = Inter-level travel time spent in this place.
 D = Time resting spent in this place.
 E = Time spent auto-exploring this place.
 F = Levels seen in this place.
 G = Mean time per level.
                   A        B        C        D        E       F      G
               +--------+--------+--------+--------+--------+-----+--------+
         Total |   5919 |   5468 |    451 |   1279 |   3512 |   7 |  845.6 |
       Dungeon |   5874 |   5432 |    442 |   1279 |   3479 |   6 |  979.0 |
        Temple |     45 |     36 |      9 |      0 |     32 |   1 |   45.0 |
               +--------+--------+--------+--------+--------+-----+--------+

Top non-repeatable levels by time:
     D:1: 1769 daAuts
     D:5: 1440 daAuts
     D:4: 1094 daAuts
     D:3: 965 daAuts
     D:2: 513 daAuts
     D:6: 91 daAuts
  Temple: 45 daAuts
